 Dungeon Crawl Stone Soup version 0.24-a0-446-g87df7205b4 (webtiles) character file.

Game seed: 720782815880977527

859 Kuinu the Skirmisher (level 7, -2/64 HPs)
             Began as a Purple Draconian Berserker on June 24, 2019.
             Was a Believer of Trog.
             Slain by Prince Ribbit (11 damage)
             ... on level 5 of the Dungeon.
             The game lasted 00:07:34 (2608 turns).

Kuinu the Skirmisher (Purple Draconian Berserker)   Turns: 2608, Time: 00:07:35

Health: -2/64      AC:  6    Str: 19    XL:     7   Next: 71%
Magic:  7/7        EV: 14    Int:  8    God:    Trog [**....]
Gold:   220        SH:  0    Dex: 12    Spells: 6/6 levels left

rFire    + . .     SeeInvis .   a - +0 falchion
rCold    x . .     Gourm    .   (no shield)
rNeg     . . .     Faith    .   (armour unavailable)
rPois    .         Spirit   .   (helmet restricted)
rElec    .         Reflect  .   (no cloak)
rCorr    .         Harm     .   (no gloves)
MR       +++..                  (no boots)
Stlth    +.........             f - amulet of regeneration
HPRegen  1.60/turn              o - ring of fire
MPRegen  0.10/turn              (no ring)

@: berserk cooldown, regenerating, slowed, very slow
A: breathe power, unfitting armour, cold-blooded, AC +6
a: Breathe Dispelling Energy, Berserk, Trog's Hand, Renounce Religion


You were on level 5 of the Dungeon.
You worshipped Trog.
Trog was pleased with you.
You were very hungry.

You visited 1 branch of the dungeon, and saw 5 of its levels.

You collected 220 gold pieces.

Inventory:

Hand Weapons
 a - a +0 falchion (weapon)
Jewellery
 f - an amulet of regeneration (around neck)
 o - a ring of fire (left hand)
 y - an uncursed ring of protection from fire {unknown}
Wands
 r - a wand of polymorph (11)
 t - a wand of digging (5)
 v - a wand of flame (21)
Scrolls
 h - 4 scrolls of teleportation {unknown}
 k - 2 scrolls of blinking {unknown}
 l - 3 scrolls of remove curse {unknown}
 n - a scroll of magic mapping {unknown}
 p - a scroll of immolation {unknown}
 q - a scroll of fog {unknown}
 s - a scroll of enchant weapon {unknown}
 x - a scroll of enchant armour
Potions
 c - 3 potions of magic
 d - a potion of agility {unknown}
 e - a potion of degeneration
 g - a potion of cancellation {unknown}
 i - a potion of flight
 j - a potion of brilliance
 m - a potion of resistance
 u - a potion of ambrosia {unknown}
Comestibles
 b - 8 rations
 w - 9 chunks of flesh


   Skills:
 * Level 6.4 Fighting
 * Level 5.8 Long Blades
 * Level 5.3 Dodging


You had 6 spell levels left.
You didn't know any spells.
Your spell library was empty.

Dungeon Overview and Level Annotations

Branches:
Dungeon (5/15)
 Temple: D:4-7

Altars:
Cheibriados
Dithmenos
Okawaru
Uskayaw
Wu Jian

Annotations:
D:5 Prince Ribbit


Innate Abilities, Weirdness & Mutations

You can breathe bolts of dispelling energy.
Your rich purple scales are hard. (AC +6)
You cannot fit into any form of body armour.
You are cold-blooded and may be slowed by cold attacks.


Message History

Prince Ribbit is heavily wounded.
You hit Prince Ribbit but do no damage.
Prince Ribbit is heavily wounded.
Prince Ribbit hits you! x2
You barely miss Prince Ribbit. You tail-slap Prince Ribbit.
Prince Ribbit is heavily wounded.
Your skin stops crawling.
You feel less resistant to hostile enchantments.
Prince Ribbit hits you!!
* * * LOW HITPOINT WARNING * * *
Prince Ribbit hits you.
* * * LOW HITPOINT WARNING * * *
Your skin crawls.
You feel resistant to hostile enchantments.
You are feeling very hungry.
Prince Ribbit catches a mosquito with his tongue.
Prince Ribbit hits you!
* * * LOW HITPOINT WARNING * * *
Prince Ribbit hits you!
You die...

#.# #.# . # #.# ..#.
### #.# ..... ..#
#.# #...#######.#
#.# #..$......#.#
#.#
#...........###.##
?..#....Y@F........#
# #..............##
..........######.#
#######.##. #.# #.#
## #.# #.# #.# #.#
#.# #. #.#


You could see Prince Ribbit and an ice beast.

Vanquished Creatures
  Grinder (D:3)
  Duvessa (D:4)
  A phantom (D:4)
  Dowan (D:4)
  A bullfrog zombie (D:4)
  A hound (D:4)
  An orc priest (D:4)
  3 orc wizards (D:4)
  3 worker ants (D:4)
  4 adders
  4 gnolls (D:4)
  A howler monkey skeleton (D:4)
  2 adder skeletons (D:4)
  2 worms
  2 dart slugs
  2 leopard geckos
  8 orcs
  A ball python (D:2)
  5 bats
  4 giant cockroaches
  7 goblins
  5 hobgoblins
  5 jackals
  2 quokkas
  6 frilled lizards
  2 kobolds
  4 rats
79 creatures vanquished.

Notes
Turn   | Place    | Note
-------+----------+-------------------------------------------
     0 | D:1      | Kuinu the Draconian Berserker began the quest for the Orb.
     0 | D:1      | Reached XP level 1. HP: 19/19 MP: 1/1
   137 | D:1      | Reached XP level 2. HP: 22/26 MP: 2/2
   643 | D:2      | Found a shadowy altar of Dithmenos.
   656 | D:2      | Reached XP level 3. HP: 28/33 MP: 3/3
  1095 | D:2      | Found a snail-covered altar of Cheibriados.
  1274 | D:3      | Reached skill level 4 in Fighting
  1300 | D:3      | Reached ** piety under Trog
  1446 | D:3      | Reached XP level 4. HP: 40/40 MP: 4/4
  1791 | D:3      | Noticed Grinder
  1813 | D:3      | Killed Grinder
  1813 | D:3      | Reached skill level 5 in Fighting
  1813 | D:3      | Reached XP level 5. HP: 48/48 MP: 5/5
  1813 | D:3      | Reached XP level 6. HP: 56/56 MP: 6/6
  2165 | D:4      | Reached skill level 5 in Long Blades
  2221 | D:4      | Your scales start taking on a rich purple colour.
  2221 | D:4      | Reached XP level 7. HP: 17/62 MP: 7/7
  2276 | D:4      | Reached skill level 5 in Dodging
  2365 | D:4      | Noticed Duvessa
  2367 | D:4      | Noticed Dowan
  2387 | D:4      | Killed Duvessa
  2387 | D:4      | Reached skill level 6 in Fighting
  2399 | D:4      | Killed Dowan
  2444 | D:4      | Found an iron altar of Okawaru.
  2444 | D:4      | Found a hide-covered altar of Uskayaw.
  2449 | D:4      | Found a faded altar of an unknown god.
  2451 | D:4      | Found a faded altar of an unknown god.
  2452 | D:4      | Found an ornate altar of the Wu Jian Council.
  2555 | D:5      | Entered Level 5 of the Dungeon
  2594 | D:5      | Noticed Prince Ribbit
  2608 | D:5      | Slain by Prince Ribbit

Levels and vault maps discovered:
D:1:      evilmike_arrival_plus, layout_basic, minivault_26,
          corexii_corridor_pit, palyth_stone_intersect, minmay_pentomino_s4
D:2:      layout_loops_ring, kennysheep_slug_shrine,
          nicolae_dithmenos_shadow_blocks
D:3:      layout_loops_ring, minmay_misc_feat_tower, lightli_corner_chamber,
          uniq_grinder
D:4:      layout_loops_ring, chequers_temple_overflow_minitemple, first_ration,
          uniq_duvessa
D:5:      layout_basic, minmay_temple_entry_arrows, minmay_diced_spiral,
          uniq_prince_ribbit1

Skill      XL: |  1  2  3  4  5  6  7 |
---------------+----------------------+-----
Dodging        | 3 4 5 |  5.3
Fighting       | 4 5 6 |  6.4
Long Blades    | 4 5 |  5.8

Action                   |  1- 3 |  4- 6 |  7- 9 || total
-------------------------+-------+-------+-------++-------
Melee: Falchion          |    99 |   121 |    66 ||   286
       Tailslap          |    17 |    17 |    16 ||    50
Invok: Berserk           |       |     2 |     3 ||     5
       Trog's Hand       |       |     2 |     3 ||     5
 Abil: Breathe Dispellin |       |       |     2 ||     2
  Use: Scroll            |     6 |       |       ||     6
 Stab: Sleeping          |     1 |     1 |       ||     2
  Eat: Chunk             |     2 |     3 |     3 ||     8
       Ration            |       |     1 |       ||     1
Armor: Skin              |    33 |    33 |     8 ||    74
Dodge: Dodged            |    73 |    69 |    43 ||   185
       Rpst.: Falchion   |    20 |    19 |    16 ||    55

Table legend:
 A = Non-vault XP
 B = Vault XP
 C = Vault XP percentage of total XP
 D = Non-vault monster count
 E = Vault monster count
 F = Vault count percentage of total count
                 A         B        C        D         E       F
            +---------+---------+-------+---------+---------+-------
      Total |     712 |     516 |  42.0 |      72 |       7 |   8.9
            +---------+---------+-------+---------+---------+-------
        D:1 |      22 |       6 |  21.4 |      13 |       3 |  18.8
        D:2 |      39 |       4 |   9.3 |       9 |       1 |  10.0
        D:3 |      61 |     272 |  81.7 |      23 |       1 |   4.2
        D:4 |     590 |     234 |  28.4 |      27 |       2 |   6.9
            +---------+---------+-------+---------+---------+-------
